 Dungeon Crawl Stone Soup version 0.31-a0-232-gb1c03b2570 (webtiles) character file.

Game seed: 18272815469282253267

17 qw the Shooter (level 2, -1/16 HPs)
             Began as a Gargoyle Hexslinger on July 7, 2023.
             Killed from afar by Natasha (6 damage)
             ... with a puff of flame
             ... on level 1 of the Dungeon.
             The game lasted 00:00:15 (629 turns).

qw the Shooter (Gargoyle Hexslinger)                 Turns: 629, Time: 00:00:15

Health: -1/16      AC:  5    Str: 11    XL:     2   Next: 62%
Magic:  3/3        EV: 11    Int: 13    God:
Gold:   70         SH:  0    Dex: 12    Spells: 2/3 levels left

rFire   . . .        Y - +2 sling
rCold   . . .        (no shield)
rNeg    + . .        f - +0 leather armour
rPois   inf          (no helmet)
rElec   +            (no cloak)
rCorr   +            (no gloves)
SInv    .            (no boots)
Will    .....        (no amulet)
Stlth   +            j - ring of resist corrosion
HPRegen 0.22/turn    (no ring)
MPRegen 0.08/turn

%: no passive effects
@: no status effects
A: sickness immunity, AC +2, negative energy resistance 1, electricity
resistance, torment resistance 1, petrification resistance
a: no special abilities


You were on level 1 of the Dungeon.
You visited 1 branch of the dungeon, and saw 2 of its levels.

You collected 70 gold pieces.


Innate Abilities, Weirdness & Mutations

You are immune to sickness and miasma.
Your stone body is resilient. (AC +2)
You are immune to poison.
You resist negative energy. (rN+)
You are resistant to electric shocks. (rElec)
You are resistant to unholy torment.
You are immune to petrification.


   Skills:
 + Level 1.4 Fighting
 - Level 3.0 Ranged Weapons
 - Level 1.5 Dodging
 - Level 1.0 Spellcasting
 - Level 2.6 Hexes


You had 2 spell levels left.
You knew the following spells:

 Your Spells              Type           Power      Damage    Failure   Level
a - Slow                  Hex            28%        N/A       12%         1

Your spell library contained the following spells:

 Spells                   Type           Power      Damage    Failure   Level
 Inner Flame              Hex/Fire       4%         N/A       54%         3
 Portal Projectile        Hex/Tloc       8%         N/A       54%         3
 Cause Fear               Hex            3%         N/A       77%         4

Inventory:

Hand Weapons
 Y - a +2 sling (weapon)
Armour
 f - a +0 leather armour (worn)
Jewellery
 j - a ring of resist corrosion (left hand)
Potions
 e - a potion of might {unknown}
 i - a potion of enlightenment {unknown}

Dungeon Overview and Level Annotations

Branches:
Dungeon (2/15)

Altars:

Annotations:
D:1 Natasha


Message History

Enter note:
Enter note:
Enter note: Done exploring.
595 ||| DROPPING scroll of poison.
You drop a scroll of poison.
Done exploring.
(D) Dungeon
Where to? (* - list waypoints, ? - help)
What level of the Dungeon? (default 1, ? - help)
There is a stone staircase leading down here.
You climb downwards.
Natasha hisses angrily.
There is a stone staircase leading up here.
There are monsters nearby!
Waypoint 1 assigned to D:2.
You shoot a sling bullet. The sling bullet hits the ogre.
The ogre is lightly wounded.
You shoot a sling bullet. The sling bullet hits the ogre.
The ogre is moderately wounded.
You shoot a sling bullet. The sling bullet hits the ogre!
The ogre is heavily wounded.
You shoot a sling bullet. The sling bullet hits the ogre!
The ogre is almost dead.
The ogre closely misses you. Natasha closely misses you.
You shoot a sling bullet. The sling bullet hits the ogre.
The ogre is almost dead.
The ogre closely misses you. The giant cockroach barely misses you.
Natasha claws you.
627 ||| STAIRDANCE The giant cockroach closely misses you.
The ogre closely misses you. Natasha claws you.
You climb upwards.
There is a stone staircase leading down here.
Enter note:
Enter note:
Enter note: You shoot a sling bullet.
The sling bullet hits the ogre!
You kill the ogre!
The giant cockroach bites you.
Natasha zaps a wand.
The puff of flame hits you.
You die...

#.#.# #...>... #.#.#
#.###### #.#.# #.#
#...# #.# ####.#.#
#.# #....#.# #.#
#.##.#.######.##
#.#B...........#####
#.#@.#.#)...........
#.#h)#.#.#.###.#####
#..........###.#
###..#.........#
#..#.##.##...#
#..#.##.##...#
#....).......#
##.#.##.##..######
#.#.##.##........


You could see Natasha and a giant cockroach.

Vanquished Creatures
  An ogre (D:1)
  2 ball pythons (D:1)
  A bat (D:1)
  An endoplasm (D:1)
  2 hobgoblins (D:1)
  2 jackals (D:1)
  3 kobolds (D:1)
  2 frilled lizards (D:1)
  A goblin (D:1)
  2 rats (D:1)
17 creatures vanquished.

Notes
Turn   | Place    | Note
-------+----------+-------------------------------------------
     0 | D:1      | qw the Gargoyle Hexslinger began the quest for the Orb.
     0 | D:1      | Reached XP level 1. HP: 12/12 MP: 2/2
     0 | D:1      | 0 ||| qw: Version: 0.3-a-46-gb1f654a
     0 | D:1      | 0 ||| qw: Game counter: 2526
     0 | D:1      | 0 ||| qw: Melee chars always use a shield: true
     0 | D:1      | 0 ||| qw: God list: Okawaru
     0 | D:1      | 0 ||| qw: Allow faded altars: false
     0 | D:1      | 0 ||| qw: Do Orc after clearing Dungeon:15 true
     0 | D:1      | 0 ||| qw: Do second Lair branch before Depths: true
     0 | D:1      | 0 ||| qw: Lair rune preference: random
     0 | D:1      | 0 ||| qw: Goals: Normal
     0 | D:1      | 0 ||| PLANNING D:1-11
    58 | D:1      | HP: 3/12 [jackal (1)]
   165 | D:1      | Reached XP level 2. HP: 16/16 MP: 3/3
   289 | D:1      | Reached skill level 3 in Ranged Weapons
   577 | D:1      | 577 ||| UPGRADING to +0 leather armour.
   587 | D:1      | 587 ||| DROPPING +0 robe.
   588 | D:1      | 588 ||| UPGRADING to ring of resist corrosion.
   589 | D:1      | 589 ||| READING scroll labelled LIOC TUONTURUST.
   590 | D:1      | 590 ||| READING scroll labelled QYTEELOSOS.
   591 | D:1      | 591 ||| READING scroll labelled QAGOOT QUHEAR.
   595 | D:1      | 595 ||| DROPPING scroll of poison.
   621 | D:2      | Noticed Natasha
   621 | D:2      | Noticed an ogre
   627 | D:2      | 627 ||| STAIRDANCE
   629 | D:1      | Killed an ogre
   629 | D:1      | Killed from afar by Natasha

Levels and vault maps discovered:
D:1:      dpeg_arrival_rooms_with_view, layout_loops_ring
D:2:      layout_basic, serial_shops, shop_statue, shop,
          nicolae_shop_advertising_works [nicolae_subvault_shop_adworks],
          nicolae_shop_pleasant_corner_grove, shop, minmay_misc_feat_ornament,
          hangedman_abyss_or_decor_lesser_grid, uniq_natasha, uniq_robin

Skill      XL: |  1  2 |
---------------+-------+-----
Ranged Weapons | 3 |  3.0
Fighting       | |  1.4
Dodging        | |  1.5
Spellcasting   | |  1.0
Hexes          | |  2.6

Action                     || total
---------------------------++-------
   Fire: Sling             ||    54
    Use: Scroll            ||     3
 Armour: Robe              ||     6
  Dodge: Dodged            ||    33

Table legend:
 A = Non-vault XP
 B = Vault XP
 C = Vault XP percentage of total XP
 D = Non-vault monster count
 E = Vault monster count
 F = Vault count percentage of total count
                 A         B        C        D         E       F
            +---------+---------+-------+---------+---------+-------
      Total |     138 |       3 |   2.1 |      15 |       2 |  11.8
            +---------+---------+-------+---------+---------+-------
        D:1 |     138 |       3 |   2.1 |      15 |       2 |  11.8
            +---------+---------+-------+---------+---------+-------
